 Dungeon Crawl Stone Soup version 0.30-a0-341-g682706514a (webtiles) character file.

Game seed: 7314508715421603249

31889 hikkokomori the Geomancer (level 13, -2/102 HPs)
             Began as a Demigod Earth Elementalist on Nov 1, 2022.
             Slain by an elephant (12 damage)
             ... on level 5 of the Lair of Beasts on Nov 2, 2022.
             The game lasted 01:01:42 (16508 turns).

hikkokomori the Geomancer (DgEE)                   Turns: 16508, Time: 01:01:43

Health: -2/102     AC: 16    Str:  4    XL:     13   Next: 1%
Magic:  12/25      EV: 16    Int: 35    God:
Gold:   1683       SH:  0    Dex: 18    Spells: 7/22 levels left

rFire   . . .      SeeInvis +    y - +9 short sword of Compassion {vorpal, Will+ Str-5 Dex+4}
rCold   + + +      Faith    .    (no shield)
rNeg    . . .      Spirit   .    o - +4 skin of Zhor {*Englaciate rC+++ SInv}
rPois   .          Reflect  .    Z - +1 helmet
rElec   .          Harm     .    n - +0 cloak
rCorr   .          Rampage  .    L - +1 pair of gloves of Cocytus {Int+2}
Will    ++...                    N - +0 pair of boots
Stlth   ++++......               i - amulet of magic regeneration
HPRegen 0.37/turn                h - +4 ring of evasion
MPRegen 0.59/turn                K - +4 ring of protection

@: hasted, very quick
A: high MP 1, forlorn, divine attributes
a: no special abilities


You were on level 5 of the Lair of Beasts.
You visited 2 branches of the dungeon, and saw 16 of its levels.
You also visited: Ossuary and Ice Cave.

You collected 1683 gold pieces.

Inventory:

Hand Weapons
 y - the +9 short sword of Compassion (weapon) {vorpal, Will+ Str-5 Dex+4}
   (You found it on level 5 of the Dungeon)

   It inflicts extra damage upon your enemies.
   Str:       It affects your strength (-5).
   Dex:       It affects your dexterity (+4).
   Will:      It increases your willpower.
Missiles
 I - 3 throwing nets
Armour
 n - a +0 cloak (worn)
 o - the +4 skin of Zhor (worn) {*Englaciate rC+++ SInv}
   (You found it in an ice cave)

   It radiates cold, occasionally slowing all nearby creatures who are not
   resistant to cold.
   rC:        It renders you almost immune to cold.
   SInv:      It lets you see invisible.
 p - the +2 robe "Joacry" {rF+ rC+ rN+}
   (You found it on level 2 of the Dungeon)

   rF:        It protects you from fire.
   rC:        It protects you from cold.
   rN:        It protects you from negative energy.
 L - the +1 pair of gloves of Cocytus (worn) {Int+2}
   (You found it on level 4 of the Lair of Beasts)

   Int:       It affects your intelligence (+2).
 N - a +0 pair of boots (worn)
 X - a +2 tower shield of cold resistance
 Z - a +1 helmet (worn)
Jewellery
 h - a +4 ring of evasion (left hand)
 i - an amulet of magic regeneration (around neck)
 r - a ring of wizardry
 s - an amulet of regeneration
 x - a ring of willpower
 K - a +4 ring of protection (right hand)
 S - a ring of willpower
 V - an amulet of the acrobat
Wands
 f - a wand of flame (26)
 g - a wand of mindburst (12)
 l - a wand of roots (11)
 q - a wand of acid (6)
 t - a wand of digging (3)
 P - a wand of paralysis (14)
Scrolls
 c - 6 scrolls of immolation
 k - 2 scrolls of magic mapping
 m - 4 scrolls of vulnerability
 D - a scroll of silence {unknown}
 G - 2 scrolls of blinking {unknown}
 J - 2 scrolls of enchant armour
 M - 2 scrolls of amnesia
 O - a scroll of enchant weapon
 R - a scroll of identify
 U - a scroll of acquirement {unknown}
 Y - 2 scrolls of butterflies
Potions
 b - 2 potions of magic
 d - 2 potions of heal wounds {unknown}
 e - 5 potions of flight
 j - 4 potions of brilliance
 v - 2 potions of berserk rage {unknown}
 w - 3 potions of curing
 z - 2 potions of invisibility {unknown}
 A - 2 potions of cancellation
 B - 4 potions of mutation
 C - 2 potions of haste
 E - 3 potions of lignification
 F - a potion of ambrosia {unknown}
Miscellaneous
 u - a lightning rod (4/4)
 Q - a phial of floods
 T - a box of beasts (inert)


   Skills:
 + Level 5.9 Fighting
 + Level 10.3 Short Blades
 - Level 1.7 Dodging
 - Level 7.0 Stealth
 + Level 5.3 Spellcasting
 + Level 9.0 Conjurations
 - Level 2.6 Transmutations
 + Level 4.3 Fire Magic
 - Level 10.3 Earth Magic
 - Level 5.6 Evocations


You had 7 spell levels left.
You knew the following spells:

 Your Spells              Type           Power      Damage    Failure   Level
a - Sandblast             Erth           100%       2d20      1%          1
b - Passwall              Tmut/Erth      44%        N/A       1%          2
c - Stone Arrow           Conj/Erth      100%       3d13      1%          3
d - Petrify               Tmut/Erth      53%        N/A       2%          4
f - Fireball              Conj/Fire      27%        3d12      7%          5

Your spell library contained the following spells:

 Spells                   Type           Power      Damage    Failure   Level
 Beastly Appendage        Tmut           54%        N/A       1%          1
 Foxfire                  Conj/Fire      100%       2x1d9     1%          1
 Sting                    Tmut/Pois      72%        1d6       2%          1
 Necrotise                Necr           36%        1d5       4%          1
 Ensorcelled Hibernation  Hex/Ice        18%        N/A       6%          2
 Spider Form              Tmut/Pois      18%        N/A       7%          3
 Portal Projectile        Hex/Tloc       18%        N/A       12%         3
 Tukima's Dance           Hex            9%         N/A       12%         3
 Vampiric Draining        Necr           9%         2d6       12%         3
 Freezing Cloud           Conj/Ice/Air   15%        6-21      32%         5
 Anguish                  Hex/Necr       4%         N/A       36%         4
 Blade Hands              Tmut           13%        N/A       36%         5
 Starburst                Conj/Fire      27%        6d9       36%         6
 Agony                    Necr           9%         N/A       73%         5
 Simulacrum               Ice/Necr       4%         N/A       99%         6
 Polar Vortex             Ice            4%         N/A       100%        9


Dungeon Overview and Level Annotations

Branches:
Dungeon (11/15)            Temple (0/1) D:4            Lair (5/5) D:10
 Shoals (0/4) Lair:3        Snake (0/4) Lair:3        Slime (0/5) Lair:4
    Orc (0/2) D:9         Ossuary (visited)           IceCv (visited)

Annotations:
D:5 5 runed translucent doors
D:6 1 runed translucent door, Iich's ghost, amateur MiBe


Innate Abilities, Weirdness & Mutations

You have an increased reservoir of magic. (+10% MP)
You shall have no god before yourself.
Your divine heritage dramatically boosts your attributes as you level up.


Message History

It was a potion of haste.
You feel yourself speed up.
Your black mamba misses the black mamba.
The water moccasin completely misses your black mamba.
The black mamba bites you but does no damage.
Your black mamba completely misses the black mamba.
The water moccasin bites your black mamba but does no damage.
The black mamba bites you!
* * * LOW HITPOINT WARNING * * *
You are lethally poisoned!
The black mamba poisons you!
Your basilisk gazes at the black mamba.
The black mamba is moving more slowly.
You feel better.
Your black mamba bites the black mamba!
The six-headed hydra bites your butterfly.
Your butterfly dies!
Your butterfly disappears in a burst of colours!
The six-headed hydra bites your butterfly!
Your butterfly dies!
Your butterfly disappears in a burst of colours!
The six-headed hydra bites your butterfly!
Your butterfly dies!
Your butterfly disappears in a burst of colours!
The black mamba barely misses you.
The water moccasin bites your black mamba but does no damage.
Your black mamba bites the black mamba.
The elephant tramples your butterfly!!
Your butterfly holds its ground!
Your butterfly dies!
Your butterfly disappears in a burst of colours!
The black mamba bites your basilisk!
Your basilisk looks as sick as possible!
The black mamba poisons your basilisk!
Your basilisk bites the black mamba!
The cane toad stings your black mamba.
Your black mamba looks as sick as possible!
The cane toad poisons your black mamba!
The water moccasin bites your black mamba.
Your black mamba bites the water moccasin!
The black mamba barely misses your basilisk.
Your black mamba closely misses the water moccasin.
The elephant tramples you!
You die... #b##......... #......b.... #...b...... #D...b.... ##.bbbbbb.. #FSbbb.bb..

#SSb.b.b..#
#.l.bbb..b.
#.b@.bbb...
#.YYb..b...
##...bb....
#........#
.........#
#..........
##.........
#.........


You could see a six-headed hydra (ally target), 2 elephants, a black mamba
(petrifying, ally target), a cane toad (ally target), a water moccasin (ally
target), a friendly black mamba (summoned, extremely poisoned) and a friendly
basilisk (summoned, extremely poisoned).

Vanquished Creatures
  Fannar (Lair:2)
  3 hydras
  A two-headed ogre (D:9)
  2 boulder beetles
  Urug (D:10)
  2 death yaks (Lair:4)
  Amaemon (Lair:1)
  2 bog bodies (IceCv)
  A cyclops (D:8)
  5 elephants (Lair:5)
  5 black mambas
  An ice statue (IceCv)
  An orange demon (Lair:1)
  4 cane toads
  3 komodo dragons
  2 rime drakes
  An anaconda simulacrum (IceCv)
  A polar bear (Lair:2)
  2 trolls
  Prince Ribbit (D:9)
  3 blink frogs (Lair:3)
  Sigmund (D:6)
  A shadow (D:9)
  4 wyverns
  A vampire (D:9)
  2 dire elephant simulacra (IceCv)
  30 yaks
  3 basilisks
  A steam dragon (D:7)
  Grum (D:9)
  2 vampire mosquitoes (D:10)
  Edmund (D:6)
  2 harpy simulacra (IceCv)
  14 water moccasins
  Duvessa (D:4)
  2 hydra simulacra (IceCv)
  3 sky beasts
  7 orc warriors
  A swamp drake (D:9)
  2 ice beasts
  3 ogres
  9 wolves
  A centaur (D:6)
  2 kobold brigands
  11 bullfrogs
  2 scorpions
  2 cane toad simulacra (IceCv)
  A necrophage (D:6)
  5 two-headed ogre simulacra (IceCv)
  15 wights
  Dowan (D:4)
  10 killer bees
  An elephant simulacrum (IceCv)
  2 jellies
  3 howler monkeys
  4 hounds
  A gnoll bouda (D:7)
  10 orc priests
  2 iguanas
  10 orc wizards
  5 hell rats
  4 polar bear simulacra (IceCv)
  4 spriggan simulacra (IceCv)
  3 wolf simulacra (IceCv)
  8 mummies (Ossuary)
  Robin (D:4)
  5 adders
  9 gnolls
  11 naga simulacra (IceCv)
  11 river rats
  A shadow imp (D:6)
  19 white imps
  8 ufetubi
  A worm (D:3)
  3 dart slugs
  34 orcs
  7 ball pythons
  4 bats
  4 endoplasms
  3 giant cockroaches
  A gnoll zombie (Ossuary)
  18 goblins
  12 hobgoblins
  4 jackals (D:1)
  6 quokkas
  2 frilled lizards
  13 kobolds
  3 kobold zombies (Ossuary)
  4 orc zombies (Ossuary)
  7 rats
432 creatures vanquished.

Vanquished Creatures (collateral kills)
  A death yak (Lair:4)
1 creature vanquished.

Vanquished Creatures (others)
  20 fungi
  30 plants
50 creatures vanquished.

Grand Total: 483 creatures vanquished

Notes
Turn   | Place    | Note
-------+----------+-------------------------------------------
     0 | D:1      | hikkokomori the Demigod Earth Elementalist began the quest
                  | for the Orb.
     0 | D:1      | Reached XP level 1. HP: 14/14 MP: 5/5
   258 | D:1      | Reached XP level 2. HP: 20/20 MP: 5/7
  1236 | D:2      | Reached XP level 3. HP: 26/26 MP: 6/9
  1254 | D:2      | Learned a level 2 spell: Passwall
  1258 | D:2      | Learned a level 3 spell: Stone Arrow
  1470 | D:2      | Identified the +2 robe "Joacry" {rF+ rC+ rN+}
  1737 | D:3      | Reached XP level 4. HP: 26/33 MP: 8/11
  2164 | D:4      | Reached skill level 1 in Fighting
  2164 | D:4      | Reached skill level 1 in Conjurations
  2363 | D:4      | Reached XP level 5. HP: 40/40 MP: 10/12
  2370 | D:4      | Noticed Duvessa
  2372 | D:4      | Noticed Dowan
  2385 | D:4      | Killed Dowan
  2401 | D:4      | Killed Duvessa
  2402 | D:4      | Reached XP level 6. HP: 48/48 MP: 4/13
  2662 | D:4      | Noticed Robin
  2978 | D:4      | Killed Robin
  3024 | D:4      | Found a staircase to the Ecumenical Temple.
  3214 | D:5      | Entered Level 5 of the Dungeon
  3377 | D:5      | Found a sand-covered staircase.
  3390 | Ossuary  | Entered an ossuary
  3568 | Ossuary  | Reached skill level 5 in Earth Magic
  3729 | D:5      | Reached XP level 7. HP: 39/57 MP: 11/14
  3859 | D:5      | Identified the +9 short sword of Compassion {vorpal, Will+
                  | Str-5 Dex+4}
  3884 | D:5      | Found the +9 staff of Olgreb {rPois∞}
  4042 | D:5      | Found a runed translucent gate.
  4042 | D:5      | Found a runed translucent gate.
  4043 | D:5      | Found a runed translucent door.
  4050 | D:5      | Learned a level 4 spell: Petrify
  4070 | D:5      | Found a runed translucent gate.
  4079 | D:5      | Found a runed translucent door.
  4327 | D:6      | Reached skill level 1 in Short Blades
  4327 | D:6      | Reached skill level 1 in Evocations
  4348 | D:6      | Noticed Sigmund
  4464 | D:6      | Killed Sigmund
  4465 | D:6      | Reached XP level 8. HP: 51/63 MP: 1/15
  4533 | D:6      | Found a runed translucent door.
  4539 | D:6      | Noticed Iich's ghost (amateur MiBe)
  4831 | D:6      | Noticed Edmund
  4861 | D:6      | Killed Edmund
  5215 | D:6      | Reached skill level 5 in Conjurations
  5492 | D:7      | Reached XP level 9. HP: 49/70 MP: 7/16
  6214 | D:7      | Got Sif Muna's Discourse on Venom
  6216 | D:7      | Got Sif Muna's Codex of Changing
  6219 | D:7      | Got Sif Muna's Atlas of Terrain
  6247 | D:8      | Reached skill level 5 in Short Blades
  6247 | D:8      | Reached skill level 5 in Evocations
  6693 | D:8      | Noticed a cyclops
  6705 | D:8      | Killed a cyclops
  6828 | D:8      | Noticed a skeletal warrior
  6906 | D:9      | Noticed Grum
  6924 | D:9      | Killed Grum
  6925 | D:9      | Reached XP level 10. HP: 69/77 MP: 5/17
  7254 | D:9      | Noticed a two-headed ogre
  7256 | D:9      | Learned a level 3 spell: Vampiric Draining
  7270 | D:9      | Killed a two-headed ogre
  7560 | D:9      | Reached skill level 5 in Stealth
  7645 | D:9      | Noticed Prince Ribbit
  7703 | D:9      | Found a staircase to the Orcish Mines.
  7772 | D:9      | Killed Prince Ribbit
  7942 | D:10     | Entered Level 10 of the Dungeon
  8385 | D:10     | Found a staircase to the Lair.
  8464 | D:10     | Reached XP level 11. HP: 82/82 MP: 7/19
  8713 | D:10     | Noticed Urug
  8753 | Lair:1   | Entered Level 1 of the Lair of Beasts
  8762 | Lair:1   | Noticed Amaemon
  8776 | Lair:1   | Killed Amaemon
  9156 | D:10     | Killed Urug
  9464 | D:11     | Noticed a centaur warrior
  9471 | D:11     | Reached skill level 1 in Transmutations
  9471 | D:11     | Reached skill level 10 in Earth Magic
  9475 | D:11     | Noticed a boulder beetle
 10016 | Lair:1   | Noticed a boulder beetle
 10035 | Lair:1   | Killed a boulder beetle
 10605 | Lair:2   | Noticed Fannar
 10611 | Lair:2   | Killed Fannar
 10894 | Lair:2   | Noticed a boulder beetle
 10936 | Lair:2   | Killed a boulder beetle
 11557 | Lair:3   | Noticed a four-headed hydra
 11563 | Lair:3   | Killed a four-headed hydra
 12094 | Lair:3   | Noticed a five-headed hydra
 12107 | Lair:3   | Killed a five-headed hydra
 12108 | Lair:3   | Reached XP level 12. HP: 89/89 MP: 11/22
 12114 | Lair:3   | Learned a level 5 spell: Fireball
 12147 | Lair:3   | Found a staircase to the Shoals.
 12383 | Lair:3   | Found a staircase to the Snake Pit.
 12462 | Lair:3   | Reached skill level 1 in Fire Magic
 12750 | Lair:4   | Found a frozen archway.
 12774 | IceCv    | Entered an ice cave
 14186 | IceCv    | Found the +4 skin of Zhor {*Englaciate rC+++ SInv}
 14191 | IceCv    | Identified the +11 quarterstaff of the Slashing Scavenger
                  | {freeze, *Corrode rF+ Int+3}
 14977 | Lair:4   | Reached skill level 5 in Fighting
 15289 | Lair:4   | Identified the +1 pair of gloves of Cocytus {Int+2}
 15303 | Lair:4   | Reached skill level 10 in Short Blades
 15400 | Lair:4   | Found a staircase to the Slime Pits.
 15461 | Lair:4   | You fall into a shaft and drop 1 floor!
 15461 | Lair:5   | Entered Level 5 of the Lair of Beasts
 15461 | Lair:5   | Noticed a catoblepas
 15461 | Lair:5   | Noticed a four-headed hydra
 15584 | Lair:5   | Reached skill level 5 in Spellcasting
 15675 | Lair:4   | Noticed a four-headed hydra
 15983 | Lair:4   | Killed a four-headed hydra
 16487 | Lair:5   | Reached XP level 13. HP: 81/102 MP: 7/25
 16505 | Lair:5   | HP: 3/102 [black mamba (14)]
 16508 | Lair:5   | Slain by an elephant

Illustrated notes

Levels and vault maps discovered:
D:1:      psy_arrival_dodecagon, layout_loops_ring,
          shapermc_ecumenical_altar_flowoftime
D:2:      cheibrodos_greedy_goblins, layout_basic, minmay_quadrilaterals
D:3:      layout_rooms
D:4:      layout_basic, minmay_temple_entry_trees, serial_bayou_lake_a,
          uniq_duvessa, uniq_robin
D:5:      layout_cave_pools, lemuel_tele_altar, enter_ossuary_1,
          kennysheep_flooded_box, minmay_guarded_unrand_staff_of_olgreb
D:6:      layout_basic, mainiacjoe_overflow_alcove_4, amcnicky_altar_gilded,
          ebering_ghost_sewer_d, uniq_edmund, uniq_sigmund
D:7:      layout_loops_cross, nicolae_sif_muna_little_library
D:8:      layout_rooms, st_stairs_10
D:9:      layout_basic, erik_orc_1, uniq_prince_ribbit1, uniq_grum
D:10:     layout_stronghold, lair_entry_dummy, uniq_urug
D:11:     layout_small_grid, serial_shops, kennysheep_little_box,
          nicolae_shop_crystal, shop_fountains, shop_coins, shop,
          kennysheep_generic_room_8, uniq_nergalle
Lair:1:   layout_concentric_octagons, kennysheep_rathole,
          infiniplex_staircase_pool, grunt_megastairs_3, uniq_amaemon
Lair:2:   layout_chaotic_city, kennysheep_abandoned_house, serial_bayou_shore_a,
          uniq_fannar
Lair:3:   layout_chaotic_city, shoals_dummy_entry, dummy_snake_entry
Lair:4:   layout_regular_city, slime_entry_1, portal_ice_cave_entry_imps
Lair:5:   grunt_lair_end_beastmaster, layout_big_grid, grunt_megastairs_1,
          lemuel_fruit_fields, lemuel_fruit_tree, uniq_kirke

Skill      XL: |  1  2  3  4  5  6  7  8  9 10 11 12 |
---------------+-------------------------------------+-----
Spellcasting   | 2 3 4 5 |  5.3
Earth Magic    | 3 4 5 6 8 9 10 | 10.3
Fighting       | 1 2 3 5 |  5.9
Conjurations   | 1 2 3 4 5 7 9 |  9.0
Short Blades   | 2 3 5 7 9 10 | 10.3
Evocations     | 2 3 5 |  5.6
Stealth        | 2 5 7 |  7.0
Transmutations | 2 |  2.6
Fire Magic     | 4 |  4.3
Dodging        | |  1.7

Action                   |  1- 3 |  4- 6 |  7- 9 | 10-12 | 13-15 || total
-------------------------+-------+-------+-------+-------+-------++-------
Melee: Unarmed           |    15 |       |       |       |       ||    15
       Rapier            |     3 |     6 |       |       |       ||     9
       Spear             |       |     6 |       |       |       ||     6
       Short sword       |       |       |    27 |    59 |     2 ||    88
       Punch             |       |       |     1 |       |       ||     1
 Cast: Sandblast         |    64 |   112 |   112 |   246 |     1 ||   535
       Stone Arrow       |       |     6 |    61 |   244 |     2 ||   313
       Passwall          |       |     1 |       |       |       ||     1
       Petrify           |       |       |     5 |     2 |       ||     7
       Fireball          |       |       |       |    11 |       ||    11
Evoke: Wand              |       |     2 |     2 |    10 |       ||    14
       Phial of floods   |       |       |       |     1 |       ||     1
       Box of beasts     |       |       |       |     1 |       ||     1
  Use: Scroll            |     1 |    11 |     1 |     8 |     4 ||    25
       Potion            |       |     2 |       |     7 |     3 ||    12
 Stab: Sleeping          |       |       |       |     2 |       ||     2
       Petrified         |       |       |       |     3 |       ||     3
       Distracted        |       |       |       |     2 |       ||     2
Armor: Robe              |    18 |    22 |    21 |    67 |       ||   128
       Animal skin       |       |       |       |    35 |    15 ||    50
Dodge: Dodged            |    41 |    67 |    73 |   267 |    17 ||   465

Table legend: (Time is in decaauts)
 A = Elapsed time spent in this place.
 B = Non-inter-level travel time spent in this place.
 C = Inter-level travel time spent in this place.
 D = Time resting spent in this place.
 E = Time spent auto-exploring this place.
 F = Levels seen in this place.
 G = Mean time per level.
                   A        B        C        D        E       F      G
               +--------+--------+--------+--------+--------+-----+--------+
         Total |  16820 |  16223 |    597 |   2212 |  10536 |  18 |  934.4 |
       Dungeon |   9474 |   9020 |    454 |    236 |   6848 |  11 |  861.3 |
          Lair |   4803 |   4660 |    143 |    740 |   3035 |   5 |  960.6 |
       Ossuary |    339 |    339 |      0 |      3 |    219 |   1 |  339.0 |
      Ice Cave |   2202 |   2202 |      0 |   1232 |    434 |   1 | 2202.0 |
               +--------+--------+--------+--------+--------+-----+--------+

Top non-repeatable levels by time:
   IceCv: 2202 daAuts
    D:10: 1604 daAuts
  Lair:4: 1385 daAuts
  Lair:3: 1228 daAuts
     D:9: 1081 daAuts
     D:4: 1070 daAuts
  Lair:2: 1002 daAuts
  Lair:1: 998 daAuts
     D:6: 963 daAuts
     D:7: 939 daAuts
     D:2: 848 daAuts
     D:1: 847 daAuts
     D:5: 845 daAuts
     D:8: 671 daAuts
     D:3: 569 daAuts
